Workbook

Sheet Annual
A1: Summary Rental Income Statement
A3: For the year ended December 31 | C3: 2023
C7: Property 1 | D7: Property 2 | E7: Property 3 | F7: Property 4 | G7: Property 5
A9: Revenue
A10: Gross Rent | C10: ='Property 1'!O10 -> 0 | D10: ='Property 2'!O10 -> 0 | E10: ='Property 3'!O10 -> 0 | F10: ='Property 4'!O10 -> 0 | G10: ='Property 5'!O10 -> 0
A12: Expenses
A13: Advertising | C13: ='Property 1'!O13 -> 0 | D13: ='Property 2'!O13 -> 0 | E13: ='Property 3'!O13 -> 0 | F13: ='Property 4'!O13 -> 0 | G13: ='Property 5'!O13 -> 0
A14: Mortgage interest | C14: ='Property 1'!O14 -> 0 | D14: ='Property 2'!O14 -> 0 | E14: ='Property 3'!O14 -> 0 | F14: ='Property 4'!O14 -> 0 | G14: ='Property 5'!O14 -> 0
A15: Insurance | C15: ='Property 1'!O15 -> 0 | D15: ='Property 2'!O15 -> 0 | E15: ='Property 3'!O15 -> 0 | F15: ='Property 4'!O15 -> 0 | G15: ='Property 5'!O15 -> 0
A16: Property taxes | C16: ='Property 1'!O16 -> 0 | D16: ='Property 2'!O16 -> 0 | E16: ='Property 3'!O16 -> 0 | F16: ='Property 4'!O16 -> 0 | G16: ='Property 5'!O16 -> 0
A17: Maintenance & repairs | C17: ='Property 1'!O17 -> 0 | D17: ='Property 2'!O17 -> 0 | E17: ='Property 3'!O17 -> 0 | F17: ='Property 4'!O17 -> 0 | G17: ='Property 5'!O17 -> 0
A18: Management fees | C18: ='Property 1'!O18 -> 0 | D18: ='Property 2'!O18 -> 0 | E18: ='Property 3'!O18 -> 0 | F18: ='Property 4'!O18 -> 0 | G18: ='Property 5'!O18 -> 0
A19: Office supplies | C19: ='Property 1'!O19 -> 0 | D19: ='Property 2'!O19 -> 0 | E19: ='Property 3'!O19 -> 0 | F19: ='Property 4'!O19 -> 0 | G19: ='Property 5'!O19 -> 0
A20: Professional fees | C20: ='Property 1'!O20 -> 0 | D20: ='Property 2'!O20 -> 0 | E20: ='Property 3'!O20 -> 0 | F20: ='Property 4'!O20 -> 0 | G20: ='Property 5'!O20 -> 0
A21: Utilities | C21: ='Property 1'!O21 -> 0 | D21: ='Property 2'!O21 -> 0 | E21: ='Property 3'!O21 -> 0 | F21: ='Property 4'!O21 -> 0 | G21: ='Property 5'!O21 -> 0
A22: Bank fees | C22: ='Property 1'!O22 -> 0 | D22: ='Property 2'!O22 -> 0 | E22: ='Property 3'!O22 -> 0 | F22: ='Property 4'!O22 -> 0 | G22: ='Property 5'!O22 -> 0
A23: Condo fees | C23: ='Property 1'!O23 -> 0 | D23: ='Property 2'!O23 -> 0 | E23: ='Property 3'!O23 -> 0 | F23: ='Property 4'!O23 -> 0 | G23: ='Property 5'!O23 -> 0
A24: Appraisal fees | C24: ='Property 1'!O24 -> 0 | D24: ='Property 2'!O24 -> 0 | E24: ='Property 3'!O24 -> 0 | F24: ='Property 4'!O24 -> 0 | G24: ='Property 5'!O24 -> 0
A25: Other (specify) | C25: ='Property 1'!O25 -> 0 | D25: ='Property 2'!O25 -> 0 | E25: ='Property 3'!O25 -> 0 | F25: ='Property 4'!O25 -> 0 | G25: ='Property 5'!O25 -> 0
A26: Total Expenses | C26: =SUM(C13:C22) -> 0 | D26: =SUM(D13:D22) -> 0 | E26: =SUM(E13:E22) -> 0 | F26: =SUM(F13:F22) -> 0 | G26: =SUM(G13:G22) -> 0
A28: Net Income | C28: =C10-C26 -> 0 | D28: =D10-D26 -> 0 | E28: =E10-E26 -> 0 | F28: =F10-F26 -> 0 | G28: =G10-G26 -> 0

Sheet Property 1
A1: Monthly Rental Income Statement
A3: Property Address:
A5: Original Cost:
C8: Jan | D8: Feb | E8: Mar | F8: Apr | G8: May | H8: Jun | I8: Jul | J8: Aug | K8: Sep | L8: Oct | M8: Nov | N8: Dec | O8: Total
A9: =Annual!A9 -> Revenue
A10: Gross Rent | O10: =SUM(C10:N10) -> 0
A12: =Annual!A12 -> Expenses
A13: Advertising | O13: =SUM(C13:N13) -> 0
A14: Mortgage interest | O14: =SUM(C14:N14) -> 0
A15: Insurance | O15: =SUM(C15:N15) -> 0
A16: Property taxes | O16: =SUM(C16:N16) -> 0
A17: Maintenance & repairs | O17: =SUM(C17:N17) -> 0
A18: Management fees | O18: =SUM(C18:N18) -> 0
A19: Office supplies | O19: =SUM(C19:N19) -> 0
A20: Professional fees | O20: =SUM(C20:N20) -> 0
A21: Utilities | O21: =SUM(C21:N21) -> 0
A22: Bank fees | O22: =SUM(C22:N22) -> 0
A23: Condo fees | O23: =SUM(C23:N23) -> 0
A24: Appraisal fees | O24: =SUM(C24:N24) -> 0
A25: Other (specify) | O25: =SUM(C25:N25) -> 0
A26: Total Expenses | C26: =SUM(C14:C25) -> 0 | D26: =SUM(D14:D25) -> 0 | E26: =SUM(E14:E25) -> 0 | F26: =SUM(F14:F25) -> 0 | G26: =SUM(G14:G25) -> 0 | H26: =SUM(H14:H25) -> 0 | I26: =SUM(I14:I25) -> 0 | J26: =SUM(J14:J25) -> 0 | ... O26: =SUM(O14:O25) -> 0
A28: =Annual!A28 -> Net Income | C28: =C10-C26 -> 0 | D28: =D10-D26 -> 0 | E28: =E10-E26 -> 0 | F28: =F10-F26 -> 0 | G28: =G10-G26 -> 0 | H28: =H10-H26 -> 0 | I28: =I10-I26 -> 0 | J28: =J10-J26 -> 0 | ... O28: =O10-O26 -> 0

Sheet Property 2
A1: Monthly Rental Income Statement
A3: Property Address:
A5: Original Cost:
C8: Jan | D8: Feb | E8: Mar | F8: Apr | G8: May | H8: Jun | I8: Jul | J8: Aug | K8: Sep | L8: Oct | M8: Nov | N8: Dec | O8: Total
A9: =Annual!A9 -> Revenue
A10: Gross Rent | O10: =SUM(C10:N10) -> 0
A12: =Annual!A12 -> Expenses
A13: Advertising | O13: =SUM(C13:N13) -> 0
A14: Mortgage interest | O14: =SUM(C14:N14) -> 0
A15: Insurance | O15: =SUM(C15:N15) -> 0
A16: Property taxes | O16: =SUM(C16:N16) -> 0
A17: Maintenance & repairs | O17: =SUM(C17:N17) -> 0
A18: Management fees | O18: =SUM(C18:N18) -> 0
A19: Office supplies | O19: =SUM(C19:N19) -> 0
A20: Professional fees | O20: =SUM(C20:N20) -> 0
A21: Utilities | O21: =SUM(C21:N21) -> 0
A22: Bank fees | O22: =SUM(C22:N22) -> 0
A23: Condo fees | O23: =SUM(C23:N23) -> 0
A24: Appraisal fees | O24: =SUM(C24:N24) -> 0
A25: Other (specify) | O25: =SUM(C25:N25) -> 0
A26: Total Expenses | C26: =SUM(C14:C25) -> 0 | D26: =SUM(D14:D25) -> 0 | E26: =SUM(E14:E25) -> 0 | F26: =SUM(F14:F25) -> 0 | G26: =SUM(G14:G25) -> 0 | H26: =SUM(H14:H25) -> 0 | I26: =SUM(I14:I25) -> 0 | J26: =SUM(J14:J25) -> 0 | ... O26: =SUM(O14:O25) -> 0
A28: =Annual!A28 -> Net Income | C28: =C10-C26 -> 0 | D28: =D10-D26 -> 0 | E28: =E10-E26 -> 0 | F28: =F10-F26 -> 0 | G28: =G10-G26 -> 0 | H28: =H10-H26 -> 0 | I28: =I10-I26 -> 0 | J28: =J10-J26 -> 0 | ... O28: =O10-O26 -> 0

Sheet Property 3
A1: Monthly Rental Income Statement
A3: Property Address:
A5: Original Cost:
C8: Jan | D8: Feb | E8: Mar | F8: Apr | G8: May | H8: Jun | I8: Jul | J8: Aug | K8: Sep | L8: Oct | M8: Nov | N8: Dec | O8: Total
A9: =Annual!A9 -> Revenue
A10: Gross Rent | O10: =SUM(C10:N10) -> 0
A12: =Annual!A12 -> Expenses
A13: Advertising | O13: =SUM(C13:N13) -> 0
A14: Mortgage interest | O14: =SUM(C14:N14) -> 0
A15: Insurance | O15: =SUM(C15:N15) -> 0
A16: Property taxes | O16: =SUM(C16:N16) -> 0
A17: Maintenance & repairs | O17: =SUM(C17:N17) -> 0
A18: Management fees | O18: =SUM(C18:N18) -> 0
A19: Office supplies | O19: =SUM(C19:N19) -> 0
A20: Professional fees | O20: =SUM(C20:N20) -> 0
A21: Utilities | O21: =SUM(C21:N21) -> 0
A22: Bank fees | O22: =SUM(C22:N22) -> 0
A23: Condo fees | O23: =SUM(C23:N23) -> 0
A24: Appraisal fees | O24: =SUM(C24:N24) -> 0
A25: Other (specify) | O25: =SUM(C25:N25) -> 0
A26: Total Expenses | C26: =SUM(C14:C25) -> 0 | D26: =SUM(D14:D25) -> 0 | E26: =SUM(E14:E25) -> 0 | F26: =SUM(F14:F25) -> 0 | G26: =SUM(G14:G25) -> 0 | H26: =SUM(H14:H25) -> 0 | I26: =SUM(I14:I25) -> 0 | J26: =SUM(J14:J25) -> 0 | ... O26: =SUM(O14:O25) -> 0
A28: =Annual!A28 -> Net Income | C28: =C10-C26 -> 0 | D28: =D10-D26 -> 0 | E28: =E10-E26 -> 0 | F28: =F10-F26 -> 0 | G28: =G10-G26 -> 0 | H28: =H10-H26 -> 0 | I28: =I10-I26 -> 0 | J28: =J10-J26 -> 0 | ... O28: =O10-O26 -> 0

Sheet Property 4
A1: Monthly Rental Income Statement
A3: Property Address:
A5: Original Cost:
C8: Jan | D8: Feb | E8: Mar | F8: Apr | G8: May | H8: Jun | I8: Jul | J8: Aug | K8: Sep | L8: Oct | M8: Nov | N8: Dec | O8: Total
A9: =Annual!A9 -> Revenue
A10: Gross Rent | O10: =SUM(C10:N10) -> 0
A12: =Annual!A12 -> Expenses
A13: Advertising | O13: =SUM(C13:N13) -> 0
A14: Mortgage interest | O14: =SUM(C14:N14) -> 0
A15: Insurance | O15: =SUM(C15:N15) -> 0
A16: Property taxes | O16: =SUM(C16:N16) -> 0
A17: Maintenance & repairs | O17: =SUM(C17:N17) -> 0
A18: Management fees | O18: =SUM(C18:N18) -> 0
A19: Office supplies | O19: =SUM(C19:N19) -> 0
A20: Professional fees | O20: =SUM(C20:N20) -> 0
A21: Utilities | O21: =SUM(C21:N21) -> 0
A22: Bank fees | O22: =SUM(C22:N22) -> 0
A23: Condo fees | O23: =SUM(C23:N23) -> 0
A24: Appraisal fees | O24: =SUM(C24:N24) -> 0
A25: Other (specify) | O25: =SUM(C25:N25) -> 0
A26: Total Expenses | C26: =SUM(C14:C25) -> 0 | D26: =SUM(D14:D25) -> 0 | E26: =SUM(E14:E25) -> 0 | F26: =SUM(F14:F25) -> 0 | G26: =SUM(G14:G25) -> 0 | H26: =SUM(H14:H25) -> 0 | I26: =SUM(I14:I25) -> 0 | J26: =SUM(J14:J25) -> 0 | ... O26: =SUM(O14:O25) -> 0
A28: =Annual!A28 -> Net Income | C28: =C10-C26 -> 0 | D28: =D10-D26 -> 0 | E28: =E10-E26 -> 0 | F28: =F10-F26 -> 0 | G28: =G10-G26 -> 0 | H28: =H10-H26 -> 0 | I28: =I10-I26 -> 0 | J28: =J10-J26 -> 0 | ... O28: =O10-O26 -> 0

Sheet Property 5
A1: Monthly Rental Income Statement
A3: Property Address:
A5: Original Cost:
C8: Jan | D8: Feb | E8: Mar | F8: Apr | G8: May | H8: Jun | I8: Jul | J8: Aug | K8: Sep | L8: Oct | M8: Nov | N8: Dec | O8: Total
A9: =Annual!A9 -> Revenue
A10: Gross Rent | O10: =SUM(C10:N10) -> 0
A12: =Annual!A12 -> Expenses
A13: Advertising | O13: =SUM(C13:N13) -> 0
A14: Mortgage interest | O14: =SUM(C14:N14) -> 0
A15: Insurance | O15: =SUM(C15:N15) -> 0
A16: Property taxes | O16: =SUM(C16:N16) -> 0
A17: Maintenance & repairs | O17: =SUM(C17:N17) -> 0
A18: Management fees | O18: =SUM(C18:N18) -> 0
A19: Office supplies | O19: =SUM(C19:N19) -> 0
A20: Professional fees | O20: =SUM(C20:N20) -> 0
A21: Utilities | O21: =SUM(C21:N21) -> 0
A22: Bank fees | O22: =SUM(C22:N22) -> 0
A23: Condo fees | O23: =SUM(C23:N23) -> 0
A24: Appraisal fees | O24: =SUM(C24:N24) -> 0
A25: Other (specify) | O25: =SUM(C25:N25) -> 0
A26: Total Expenses | C26: =SUM(C14:C25) -> 0 | D26: =SUM(D14:D25) -> 0 | E26: =SUM(E14:E25) -> 0 | F26: =SUM(F14:F25) -> 0 | G26: =SUM(G14:G25) -> 0 | H26: =SUM(H14:H25) -> 0 | I26: =SUM(I14:I25) -> 0 | J26: =SUM(J14:J25) -> 0 | ... O26: =SUM(O14:O25) -> 0
A28: =Annual!A28 -> Net Income | C28: =C10-C26 -> 0 | D28: =D10-D26 -> 0 | E28: =E10-E26 -> 0 | F28: =F10-F26 -> 0 | G28: =G10-G26 -> 0 | H28: =H10-H26 -> 0 | I28: =I10-I26 -> 0 | J28: =J10-J26 -> 0 | ... O28: =O10-O26 -> 0
